 Dungeon Sprint DCSS version 0.30-a0-137-gd8773701ce (webtiles) character file.

Game seed: 4766968588906060698

2671 purpskrrrp the Brawler (level 9, -3/80 HPs)
             Began as a Troll Transmuter on Sept 22, 2022.
             Slain by a hornet (11 damage)
             ... in the Dungeon (Sprint II: "The Violet Keep of Menkaure").
             The game lasted 00:19:27 (849 turns).

purpskrrrp the Brawler (Troll Transmuter)            Turns: 849, Time: 00:19:27

Health: -3/80      AC:  6    Str: 24    XL:     9   Next: 37%
Magic:  14/16      EV: 11    Int:  9    God:
Gold:   222        SH:  0    Dex: 10    Spells: 16/19 levels left

rFire   + . .      SeeInvis .      - Unarmed
rCold   + . .      Faith    .    (no shield)
rNeg    . . .      Spirit   .    b - +2 robe {rC+ rF+}
rPois   .          Reflect  .    (helmet restricted)
rElec   .          Harm     .    (no cloak)
rCorr   .          Rampage  .    (gloves unavailable)
Will    .....      NoTele   +    (boots unavailable)
Stlth   +.........               d - amulet of the acrobat
HPRegen 1.03/turn                (no ring)
MPRegen 0.15/turn                (no ring)

@: mighty, wereblooded (expiring), slowed, very slow
A: large, unfitting armour, claws 3, regeneration 1, shaggy fur 1, tough skin 1,
evolution 1
a: no special abilities


You were in the Dungeon.
You visited 1 branch You collected 980 gold pieces.
You spent 758 gold pieces at shops.

Inventory:

Armour
 a - a +0 robe
 b - a +2 robe of resistance (worn)
Jewellery
 d - an amulet of the acrobat (around neck)
Scrolls
 h - a scroll of blinking
Potions
 f - 2 potions of magic


   Skills:
 + Level 2.4 Fighting
 + Level 6.3 Dodging
 - Level 0.1 Stealth
 * Level 16.8 Unarmed Combat
 + Level 5.5 Spellcasting
 + Level 6.0 Transmutations


You had 16 spell levels left.
You knew the following spells:

 Your Spells              Type           Power      Damage    Failure   Level
a - Beastly Appendage     Tmut           26%        N/A       1%          1
b - Wereblood             Tmut           13%        N/A       3%          2

Your spell library contained the following spells:

 Spells                   Type           Power      Damage    Failure   Level
 Spider Form              Tmut/Pois      7%         N/A       21%         3
 Ice Form                 Ice/Tmut       7%         N/A       56%         4


Dungeon Overview and Level Annotations

Branches:
Dungeon (1/1)

Altars:
Cheibriados
Dithmenos
Elyvilon
Fedhas
Gozag
Kikubaaqudgha
Makhleb
Nemelex Xobeh
Okawaru
Ru
Sif Muna
Trog
Uskayaw
Vehumet
Xom
Yredelemnul
Zin
Jiyva
Lugonu

Shops:
D (=:=?==![!*[(!:

Annotations:
D exclusions: obsidian statue and oklob plant, Roxanne


Innate Abilities, Weirdness & Mutations

You are too large for most types of armour.
You have claws for hands.
Your natural rate of healing is unusually fast.
You are covered in fur. (AC +1)
You have tough skin. (AC +1)
You have hidden genetic potential.


Message History

You barely miss the hornet. You claw the hornet.
The hornet is lightly wounded.
You feel sick.
The hornet stings you but does no damage.
The hornet stings you.
You are more poisoned.
You feel as though you will be slow longer.
You feel much better.
You feel very sick. The hornet stings you!
You suddenly lose the ability to move!
The hornet stings you!
You are more poisoned.
You feel as though you will be slow longer.
You feel very sick. The hornet stings you!
* * * LOW HITPOINT WARNING * * *
You are more poisoned.
You feel as though you will be slow longer.
The hornet stings you!
* * * LOW HITPOINT WARNING * * *
You are more poisoned.
You feel as though you will be slow longer.
You can move again.
You completely miss the hornet. You claw the hornet!
The hornet is heavily wounded.
* * * LOW HITPOINT WARNING * * *
You feel extremely sick.
The hornet stings you but does no damage.
You feel better.
Your horns disappear.
Your talons disappear.
Your primal bloodlust is almost over.
The hornet barely misses you. The hornet stings you!
* * * LOW HITPOINT WARNING * * *
You feel as though you will be slow longer.
The hornet closely misses you.
You closely miss the hornet.
The hornet is heavily wounded.
You howl as the wereblood boils in your veins!
The hornet stings you!
You die...

~~§~~§# #'##..# #.
~..##.#### +.###
.#..#....# ...#
.#.####..## #..#
#'###.##..# +..# #
#.##...#..# #..# .#
.<.'###'..####..##c# ?
#.##...#....###.@y##▓▓▓▓
#'###.##.§....~~~~~~~~~~
.#.####~~.....~#+#######
###.#~~§~§~~..~#_._.....
.#.##~~~~§~§~.~#._._....
#'##~~~≈§§~§~~~#_._._...
~~~~÷~~~≈§≈§~~~#._._._..
+#+++#§§§≈§≈≈≈~#_._._._.
○... ##≈≈≈###≈≈#._._._._


You could see a yaktaur and a hornet.

Vanquished Creatures
  2 boulder beetles (D)
  2 polar bears (D)
  2 wyverns (D)
  A vampire mosquito (D)
  Menkaure (D)
  2 water moccasins (D)
  4 scorpions (D)
  4 necrophages (D)
18 creatures vanquished.

Notes
Turn   | Place    | Note
-------+----------+-------------------------------------------
     0 | D        | purpskrrrp the Troll Transmuter began the quest for the
                  | Orb.
     0 | D        | Reached XP level 1. HP: 18/18 MP: 1/1
     1 | D        | Noticed a necrophage
     1 | D        | Noticed a necrophage
     1 | D        | Noticed a necrophage
     1 | D        | Noticed a necrophage
     9 | D        | Killed a necrophage
    10 | D        | Reached skill level 6 in Unarmed Combat
    10 | D        | Reached XP level 2. HP: 26/26 MP: 0/4
    10 | D        | Reached XP level 3. HP: 32/32 MP: 0/5
    12 | D        | Killed a necrophage
    13 | D        | Reached skill level 7 in Unarmed Combat
    13 | D        | Reached XP level 4. HP: 40/40 MP: 0/7
    14 | D        | Killed a necrophage
    15 | D        | Reached skill level 8 in Unarmed Combat
    15 | D        | Reached XP level 5. HP: 46/46 MP: 0/8
    17 | D        | Reached skill level 9 in Unarmed Combat
    22 | D        | Identified Roxanne's Guide on Bedrock
    22 | D        | Noticed Roxanne
    92 | D        | Noticed Menkaure
    98 | D        | Killed Menkaure
    99 | D        | Reached skill level 10 in Unarmed Combat
    99 | D        | Reached XP level 6. HP: 54/54 MP: 8/10
   215 | D        | Noticed a wyvern
   215 | D        | Noticed a wyvern
   228 | D        | Reached skill level 1 in Fighting
   228 | D        | Reached skill level 11 in Unarmed Combat
   234 | D        | Reached XP level 7. HP: 62/62 MP: 10/12
   246 | D        | Found Anuoggim's Antique Weapon Shop.
   246 | D        | Found Ryeguisa's Antique Armour Boutique.
   246 | D        | Found Zawnij's Book Shop.
   246 | D        | Found Jentet's Distillery.
   246 | D        | Found Gioguips's Antique Armour Boutique.
   246 | D        | Found Plog's Distillery.
   247 | D        | Found Becorux's General Store.
   247 | D        | Found Muroaf's Distillery.
   248 | D        | Found Cetoxuum's Jewellery Shop.
   248 | D        | Found Qodergh's Jewellery Boutique.
   250 | D        | Found Baax Nao's Magic Scroll Boutique.
   250 | D        | Found Rugua's Jewellery Shop.
   250 | D        | Noticed a fire dragon
   250 | D        | Noticed an oklob plant
   251 | D        | Found Bujyo's Jewellery Shop.
   251 | D        | Found Siregg's Book Shoppe.
   251 | D        | Found Reengam's Antique Weapon Boutique.
   253 | D        | Noticed a polar bear
   254 | D        | Noticed a polar bear
   259 | D        | Noticed a shining eye
   276 | D        | Noticed a shining eye
   303 | D        | Reached skill level 5 in Dodging
   303 | D        | Reached skill level 12 in Unarmed Combat
   319 | D        | Noticed a vampire mosquito
   323 | D        | Killed a vampire mosquito
   402 | D        | Noticed a boulder beetle
   402 | D        | Noticed a boulder beetle
   411 | D        | Killed a wyvern
   412 | D        | Reached skill level 13 in Unarmed Combat
   412 | D        | Reached skill level 5 in Transmutations
   413 | D        | Killed a wyvern
   414 | D        | Reached XP level 8. HP: 28/70 MP: 11/14
   466 | D        | Noticed an obsidian statue
   487 | D        | Found an iron altar of Okawaru.
   487 | D        | Found a radiant altar of Vehumet.
   487 | D        | Found a glowing silver altar of Zin.
   505 | D        | Learned a level 2 spell: Wereblood
   529 | D        | Killed a boulder beetle
   530 | D        | Reached skill level 15 in Unarmed Combat
   530 | D        | Reached skill level 5 in Spellcasting
   535 | D        | Killed a boulder beetle
   536 | D        | Reached skill level 16 in Unarmed Combat
   536 | D        | Reached XP level 9. HP: 24/79 MP: 15/15
   758 | D        | Bought an embroidered robe for 74 gold pieces
   769 | D        | Bought a potion of mutation for 104 gold pieces
   769 | D        | Gained mutation: You have hidden genetic potential. [potion
                  | of mutation]
   775 | D        | Bought an amulet of the acrobat for 390 gold pieces
   789 | D        | Bought 2 potions of heal wounds for 100 gold pieces
   789 | D        | Bought a potion of might for 40 gold pieces
   789 | D        | Bought a potion of heal wounds for 50 gold pieces
   822 | D        | Found a sparkling altar of Nemelex Xobeh.
   822 | D        | Found a hide-covered altar of Uskayaw.
   822 | D        | Found a basalt altar of Yredelemnul.
   823 | D        | Found an opulent altar of Gozag.
   823 | D        | Found a burning altar of Makhleb.
   823 | D        | Found a bloodstained altar of Trog.
   823 | D        | Found a shimmering altar of Xom.
   824 | D        | Found a blossoming altar of Fedhas.
   824 | D        | Found a corrupted altar of Lugonu.
   824 | D        | Found a shimmering blue altar of Sif Muna.
   825 | D        | Found a white marble altar of Elyvilon.
   825 | D        | Found an ancient bone altar of Kikubaaqudgha.
   825 | D        | Found a sacrificial altar of Ru.
   826 | D        | Found a shadowy altar of Dithmenos.
   826 | D        | Found a viscous altar of Jiyva.
   827 | D        | Found a snail-covered altar of Cheibriados.
   828 | D        | Noticed a polar bear
   832 | D        | Noticed a polar bear
   835 | D        | Killed a polar bear
   838 | D        | Killed a polar bear
   839 | D        | Paralysed by a hornet for 2 turns
   842 | D        | Noticed a yaktaur
   845 | D        | Paralysed by a hornet for 2 turns
   849 | D        | Slain by a hornet

Illustrated notes

Levels and vault maps discovered:
D:        the_violet_keep_of_menkaure [sprint2_stairs_cluster_1,
          sprint2_shoproom, sprint2_temple, sprint2_basic_supplies,
          sprint2_obstacle_3, sprint2_obstacle_1, sprint2_obstacle_6,
          sprint2_obstacle_5, sprint2_obstacle_7, sprint2_timed_cluster_1,
          sprint2_smallroom_cluster_1, sprint2_smallroom_final_cluster_1,
          sprint2_transparent_cluster_1, sprint2_second_timed_cluster_1,
          sprint2_sniper_area_1, sprint2_heavy_combat_area_1,
          sprint2_mutation_trap_area_1, sprint2_forest_area_1,
          sprint2_light_combat_area_1, sprint2_behind_water_1,
          sprint2_near_end_vault_1]

Skill      XL: |  1  2  3  4  5  6  7  8  9 |
---------------+----------------------------+-----
Dodging        | 2 3 4 5 6 |  6.3
Unarmed Combat | 6 7 8 10 11 13 16 | 16.8
Spellcasting   | 2 3 4 5 |  5.5
Transmutations | 2 3 4 5 6 |  6.0
Fighting       | 1 2 |  2.4
Stealth        | |  0.1

Action                   |  1- 3 |  4- 6 |  7- 9 || total
-------------------------+-------+-------+-------++-------
Melee: Unarmed           |     7 |    14 |    48 ||    69
       Kick              |     2 |     3 |    10 ||    15
       Headbutt          |     1 |       |    10 ||    11
       Punch             |       |     2 |     8 ||    10
 Cast: Beastly Appendage |     1 |     2 |     7 ||    10
       Wereblood         |       |       |     2 ||     2
  Use: Potion            |     2 |       |     8 ||    10
Armor: Robe              |     1 |       |    14 ||    15
       Skin              |       |       |     2 ||     2
Dodge: Dodged            |     3 |     4 |    25 ||    32

Table legend: (Time is in decaauts)
 A = Elapsed time spent in this place.
 B = Non-inter-level travel time spent in this place.
 C = Inter-level travel time spent in this place.
 D = Time resting spent in this place.
 E = Time spent auto-exploring this place.
 F = Levels seen in this place.
 G = Mean time per level.
                   A        B        C        D        E       F      G
               +--------+--------+--------+--------+--------+-----+--------+
         Total |    866 |    815 |     51 |    414 |     18 |   1 |  866.0 |
       Dungeon |    866 |    815 |     51 |    414 |     18 |   1 |  866.0 |
               +--------+--------+--------+--------+--------+-----+--------+

Top non-repeatable levels by time:
       D: 866 daAuts
